Cogmind - Beta 11 X11 @@@ ROGUE MODE // 2022.03.12 @ 23:26:29 Player: Thr33_1Nt Result: Destroyed by H-55 Commando with Gauss Rifle Performance ------------- Evolutions (2) 1000 Regions Visited (6) 1200 Robots Destroyed (28) 140 Value Destroyed (607) 607 Prototype IDs (26) 520 Alien Tech Used (0) 0 Bonus (360) 360 TOTAL SCORE: 3827 Bonus ------- Follower Combat Kills 60 Aligned with FarCom 300 Cogmind --------- Core Integrity 0/550 Matter 299/300 Energy 100/100 System Corruption 2% Temperature Cool (0) Movement Core (50) Location -8/Storage Parts ------- > --- POWER (1) -------- (None) > --- PROPULSION (4) --- (None) > --- UTILITY (3) ------ Improved Terrain Scanner > --- WEAPON (3) ------- Katana > --- INVENTORY (5) ---- Nuclear Core Improved Terrain Scanner Field Laser Signal Generator Peak State ------------ > --- POWER ------------ Improved Ion Engine > --- PROPULSION ------- Light Treads Light Treads Wheel > --- UTILITY ---------- Advanced Heat Sink Medium Storage Unit Hacking Suite > --- WEAPON ----------- Arc Projector Arc Projector Arc Projector > --- INVENTORY -------- Light Ion Engine Light Treads Heat Sink Sensor Array Experimental Sensor Array Improved Terrain Scanner Grenade Launcher Remote Datajack Katana Signal Generator [Rating: 28] Favorites ----------- Power Light Nuclear Core Engine Light Ion Engine Power Core Light Nuclear Core Propulsion Wheel Treads Light Treads Wheel Wheel Hover Unit Improved Hover Unit Utility Hacking Suite Device Improved Terrain Scanner Storage Medium Storage Unit Hackware Hacking Suite Weapon Medium Laser Energy Gun Medium Laser Launcher Grenade Launcher Special Weapon Remote Datajack Slashing Weapon Katana Build | -11 -10 -10 -10 -9 -8 -8 ------- Run | Scr Mat Min Exi Min Mat Sto Slots Evolved 4 | . . . . . 4 . Power . | . . . . . . . Propulsion 2 | . . . . . 2 . Utility 1 | . . . . . 1 . Weapon 1 | . . . . . 1 . Parts Attached 48 | 7 18 . . 2 16 5 Power 9 | 1 4 . . 1 1 2 Engine 8 | 1 3 . . 1 1 2 Core 1 | . 1 . . . . . Reactor . | . . . . . . . Propulsion 17 | 2 8 . . 1 4 2 Treads 6 | . 2 . . . 3 1 Leg . | . . . . . . . Wheel 9 | 2 6 . . 1 . . Hover 2 | . . . . . 1 1 Flight . | . . . . . . . Utility 8 | 2 3 . . . 3 . Device 4 | 1 . . . . 3 . Storage 3 | 1 2 . . . . . Processor . | . . . . . . . Hackware 1 | . 1 . . . . . Protection . | . . . . . . . Artifact . | . . . . . . . Weapon 14 | 2 3 . . . 8 1 Energy Gun 8 | 2 2 . . . 4 . Energy Cannon . | . . . . . . . Ballistic Gun . | . . . . . . . Ballistic Cannon . | . . . . . . . Launcher 1 | . . . . . 1 . Special Weapon 2 | . 1 . . . 1 . Impact Weapon . | . . . . . . . Slashing Weapon 3 | . . . . . 2 1 Piercing Weapon . | . . . . . . . Special Melee Weapon . | . . . . . . . Unidentified Prototypes 1 | . . . . . 1 . Corrupted Parts 1 | . . . . . 1 . System Corruption 2 | . . . . . 2 . Parts Lost 15 | . 7 1 . . 4 3 Power 4 | . 2 . . . 1 1 Propulsion 9 | . 4 1 . . 2 2 Utility . | . . . . . . . Weapon 2 | . 1 . . . 1 . Highest Loss Streak 4 | . 3 1 . . 4 2 To Critical Strikes . | . . . . . . . Average Slot Usage (%) 84 | . 96 97 85 91 83 30 Engine 5 | . 9 . . 14 7 1 Core 6 | . 3 14 14 . . . Treads 3 | . 1 . . . 14 8 Wheel 18 | . 24 25 14 20 13 . Device 2 | . . . . . 8 9 Storage 11 | . 14 14 14 14 7 . Hackware 11 | . 13 14 14 14 7 . Energy Gun 22 | . 27 28 28 28 18 . Slashing Weapon 1 | . . . . . 2 9 Naked Turns . | . . . . . . . Heaviest Build 30 | 13 27 19 19 19 30 6 Greatest Support 40 | 26 26 26 16 26 40 7 Greatest Overweight (x) 2 | . 2 1 1 1 2 . Average Overweight (x) . | . . . 1 . . . Largest Inventory Capacity 15 | 8 15 10 10 10 10 5 Average Capacity 9 | 7 10 10 10 10 9 5 Most Carried 10 | 8 10 10 10 10 10 5 Average Carried 8 | 5 9 10 10 9 8 4 Final Capacity 10 | 8 10 10 10 10 5 5 Final Carried 10 | 8 10 10 10 10 5 4 Class Distribution -------------------- 72% | Mutant 13% | Scout 8% | Scavenger-Mutant 4% | Skirmisher Dominant Class ---------------- Mutant | -10/Materials Mutant | -10/Mines Mutant | -10/Exiles Mutant | -9/Mines Scavenger-Mutant | -8/Materials Scout | -8/Storage Resources | -11 -10 -10 -10 -9 -8 -8 ----------- Run | Scr Mat Min Exi Min Mat Sto Matter Collected 682 | 267 168 . . 20 91 136 Remotely . | . . . . . . . Salvage Created 933 | 120 478 32 . 24 261 18 Parts 49 | 5 26 3 . 2 12 1 Haulers Intercepted 1 | . 1 . . . . . Recyclers Shooed 5 | 1 3 . . 1 . . Parts Field Recycled . | . . . . . . . Retrieved Matter . | . . . . . . . Parts Self-Destructed . | . . . . . . . Prevented . | . . . . . . . Kills | -11 -10 -10 -10 -9 -8 -8 ------- Run | Scr Mat Min Exi Min Mat Sto Combat Hostiles Destroyed 11 | . 7 . . . 4 . Guns 10 | . 7 . . . 3 . Classes Destroyed 11 | 2 6 . . . 3 . Worker 3 | . 1 . . 1 . 1 Builder 2 | . 2 . . . . . Tunneler 4 | 2 . 2 . . . . Hauler 1 | . 1 . . . . . Recycler 1 | 1 . . . . . . Operator 3 | . 1 . . . 2 . Watcher 3 | . 3 . . . . . Grunt 8 | . 7 . . . 1 . Brawler 1 | . . . . . 1 . Duelist 1 | . . . . . 1 . Sentry 1 | . . . . . 1 . Best Kill Streak 4 | 2 4 1 . 1 2 1 Combat Bots Only 4 | . 4 . . . 2 . Max Kills in Single Turn 1 | 1 1 1 . 1 1 1 Gunslinging . | . . . . . . . Exploded . | . . . . . . . Melee . | . . . . . . . Uniques/NPCs Destroyed . | . . . . . . . Combat | -11 -10 -10 -10 -9 -8 -8 -------- Run | Scr Mat Min Exi Min Mat Sto Damage Taken 2141 | . 665 153 . 24 833 466 Core 786 | . 149 57 . 10 284 286 Absorbed by Shields . | . . . . . . . Regen/Repaired (Parts) 79 | . 79 . . . . . Core Remaining (%) 56 | 100 . . . 13 . . Volleys Fired 99 | 13 56 2 . 3 25 . Largest 3 | 2 2 2 . 2 3 . Hottest 165 | 100 100 100 . 100 165 . Shots Fired 209 | 26 112 4 . 6 61 . Gun 205 | 26 112 4 . 6 57 . Cannon . | . . . . . . . Launcher . | . . . . . . . Special 4 | . . . . . 4 . Kinetic . | . . . . . . . Thermal 175 | 26 112 4 . 6 27 . Explosive . | . . . . . . . Electromagnetic 30 | . . . . . 30 . Robot Hit Streak 10 | 5 10 4 . 8 9 . Robot Miss Streak 4 | 3 4 . . 1 3 . Penetration Max . | . . . . . . . Secondary Targets 1 | . . . . . 1 . Max Gunslinging Chain 1 | . . . . . 1 . Shots Hit Robots 136 | 15 70 3 . 4 41 3 Core Hits 53 | 4 30 2 . 1 15 1 Critical Kills . | . . . . . . . Critical Parts Destroyed . | . . . . . . . Critical Strikes 9 | 1 7 . . . 1 . Burn 9 | 1 7 . . . 1 . Melee Attacks 30 | . . . . . 4 26 Impact . | . . . . . . . Slashing 30 | . . . . . 4 26 Piercing . | . . . . . . . Sneak Attacks 2 | . . . . . . 2 Combat Hostiles . | . . . . . . . Follow-up Attacks . | . . . . . . . Damage Inflicted 1976 | 226 901 38 . 49 540 222 Guns 1754 | 226 901 38 . 49 540 . Cannons . | . . . . . . . Explosions . | . . . . . . . Melee 222 | . . . . . . 222 Ramming . | . . . . . . . Kinetic . | . . . . . . . Thermal 1476 | 226 901 38 . 49 262 . Explosive . | . . . . . . . Electromagnetic 278 | . . . . . 278 . Impact . | . . . . . . . Slashing 222 | . . . . . . 222 Piercing . | . . . . . . . Highest Corruption 2 | . . . . . 2 2 Average Corruption 2 | . . . . . 2 2 Corruption Purged . | . . . . . . . Corruption Blocked . | . . . . . . . Effects 3 | . . . . . 1 2 Matter Fused 3 | . . . . . 1 2 Overload Shots . | . . . . . . . Overflow Damage 89 | . 36 . . . . 53 Projectiles . | . . . . . . . Explosions 36 | . 36 . . . . . Melee 53 | . . . . . . 53 Knockbacks . | . . . . . . . Impact . | . . . . . . . Kinetic . | . . . . . . . Secondary . | . . . . . . . Self-Inflicted Damage 154 | . 154 . . . . . Shots 2 | . 2 . . . . . Rammed . | . . . . . . . Targets Rammed . | . . . . . . . Kicked . | . . . . . . . Crushed . | . . . . . . . Highest Temperature 330 | 195 330 45 . 39 268 . Average Temperature 87 | 72 93 25 . 24 92 . Received Heat Transfer 972 | . 288 18 . . 522 144 Siege Activations . | . . . . . . . Robots Corrupted . | . . . . . . . Combat Hostiles . | . . . . . . . Parts Fried . | . . . . . . . Impact Corruptions . | . . . . . . . Robots Melted 1 | . . . . . 1 . Combat Hostiles 1 | . . . . . 1 . Parts Melted 13 | 1 7 1 . . 4 . Heat Transferred 4884 | 740 3182 111 . 148 703 . Parts Sabotaged . | . . . . . . . Parts Stolen . | . . . . . . . Parts Stripped . | . . . . . . . Power Chain Reactions . | . . . . . . . Missiles Intercepted . | . . . . . . . Alert | -11 -10 -10 -10 -9 -8 -8 ------- Run | Scr Mat Min Exi Min Mat Sto Peak Influence 314 | 15 314 177 . 45 251 238 Initial 122 | . 9 122 . . 17 105 Average 130 | 7 155 152 . 4 126 166 Maximum Alert Level 1 | . 1 . . . 1 1 Low Security (%) 84 | 100 63 100 . 100 96 83 Level 1 15 | . 36 . . . 3 16 Level 2 . | . . . . . . . Level 3 . | . . . . . . . Level 4 . | . . . . . . . Level 5 . | . . . . . . . High Security . | . . . . . . . Max Security . | . . . . . . . Squads Dispatched 8 | . . . . 1 7 . Investigation 2 | . . . . . 2 . Extermination . | . . . . . . . Reinforcement 2 | . . . . . 2 . Assault 1 | . . . . 1 . . Garrison 3 | . . . . . 3 . Intercept . | . . . . . . . Searches Triggered . | . . . . . . . Construction Impeded . | . . . . . . . Haulers Reinforced . | . . . . . . . Active Scanning Responses . | . . . . . . . Cargo Convoy Interrupts . | . . . . . . . Stealth | -11 -10 -10 -10 -9 -8 -8 --------- Run | Scr Mat Min Exi Min Mat Sto Distress Signals 1 | . . . . . . 1 Communications Jammed . | . . . . . . . Distress Signals . | . . . . . . . Times Spotted 65 | . 20 3 . 8 23 11 Peak Tracking Total 10 | . 5 2 . 5 10 7 Tactical Retreats 13 | . 5 2 . 1 3 2 Traps | -11 -10 -10 -10 -9 -8 -8 ------- Run | Scr Mat Min Exi Min Mat Sto Traps Triggered 1 | . . . . . 1 . Indirectly . | . . . . . . . Trap Hack Attempts . | . . . . . . . Triggered . | . . . . . . . Disarmed . | . . . . . . . Reprogrammed . | . . . . . . . Reused . | . . . . . . . Traps Extracted . | . . . . . . . Installed . | . . . . . . . Triggered . | . . . . . . . Machines | -11 -10 -10 -10 -9 -8 -8 ---------- Run | Scr Mat Min Exi Min Mat Sto Machines Disabled 2 | . 2 . . . . . Max in Single Turn 2 | . 2 . . . . . Garrison Access 1 | . . . . . . 1 Machines Sabotaged . | . . . . . . . Garrisons Compromised . | . . . . . . . Overloaded Fab Kills . | . . . . . . . Hacking | -11 -10 -10 -10 -9 -8 -8 --------- Run | Scr Mat Min Exi Min Mat Sto Machines Accessed 13 | . 6 . 2 . 3 2 Terminals 8 | . 5 . . . 2 1 Fabricators . | . . . . . . . Repair Stations 2 | . 1 . . . 1 . Recycling Units . | . . . . . . . Scanalyzers . | . . . . . . . Garrison Access 1 | . . . . . . 1 Total Hacks 33 | . 16 . 5 . 7 5 Successful 21 | . 12 . 5 . 2 2 Failed 12 | . 4 . . . 5 3 Catastrophic 1 | . . . . . 1 . Database Lockouts . | . . . . . . . Manual 10 | . 7 . 1 . 2 . Terminals 17 | . 12 . . . 4 1 Fabricators . | . . . . . . . Repair Stations 7 | . 4 . . . 3 . Recycling Units . | . . . . . . . Scanalyzers . | . . . . . . . Garrison Access 4 | . . . . . . 4 Terminal Hacks 15 | . 8 . 5 . 1 1 Record 5 | . . . 4 . 1 . Robot Analysis 3 | . 3 . . . . . Prototype ID Bank 1 | . 1 . . . . . Open Door 1 | . . . . . . 1 Branch Access Points 1 | . 1 . . . . . Unreport Threat 1 | . 1 . . . . . Locate Traps 1 | . 1 . . . . . Zone Layout 1 | . 1 . . . . . EX-Prototype ID Bank 1 | . . . 1 . . . Fabricator Hacks . | . . . . . . . Repair Station Hacks 5 | . 4 . . . 1 . Scan Component 3 | . 2 . . . 1 . Repair 2 | . 2 . . . . . Recycling Unit Hacks . | . . . . . . . Scanalyzer . | . . . . . . . Garrison Access Hacks 1 | . . . . . . 1 Seal Access 1 | . . . . . . 1 Unauthorized Hacks . | . . . . . . . Terminals . | . . . . . . . Fabricators . | . . . . . . . Repair Stations . | . . . . . . . Recycling Units . | . . . . . . . Scanalyzers . | . . . . . . . Garrison Access . | . . . . . . . Data Cores Recovered 1 | . 1 . . . . . Used 1 | . 1 . . . . . Hacking Detections 10 | . 6 . . . 3 1 Full Trace Events 2 | . 1 . . . 1 . Feedback Events . | . . . . . . . Feedback Blocked . | . . . . . . . Robot Schematics Acquired . | . . . . . . . Robots Built . | . . . . . . . Authchips . | . . . . . . . Time . | . . . . . . . Total Robot Build Rating . | . . . . . . . Part Schematics Acquired . | . . . . . . . Parts Built . | . . . . . . . Authchips . | . . . . . . . Time . | . . . . . . . Total Part Build Rating . | . . . . . . . Parts Repaired 2 | . 2 . . . . . Time 52 | . 52 . . . . . Parts Recycled . | . . . . . . . Recycled Matter . | . . . . . . . Retrieved Matter . | . . . . . . . Retrieved Components . | . . . . . . . Parts Scanalyzed . | . . . . . . . Part Schematics Acquired . | . . . . . . . Parts Damaged . | . . . . . . . Bothacking | -11 -10 -10 -10 -9 -8 -8 ------------ Run | Scr Mat Min Exi Min Mat Sto Used RIF Installer . | . . . . . . . Robots Hacked 1 | . . . . . 1 . Non-combat 1 | . . . . . 1 . Combat . | . . . . . . . Robot Hacks Applied 2 | . . . . . 2 . parse_system 1 | . . . . . 1 . check_alert 1 | . . . . . 1 . Relay Couplers Released . | . . . . . . . Fabnet Peak Effective % . | . . . . . . . Robots Rewired . | . . . . . . . Allies Hacked . | . . . . . . . Hacks Repelled . | . . . . . . . Allies | -11 -10 -10 -10 -9 -8 -8 -------- Run | Scr Mat Min Exi Min Mat Sto Total Allies 4 | . . . . 4 . . Largest Group 4 | . . . . 4 . . Highest-Rated Group 71 | . . . . 71 . . Highest-Rated Ally 31 | . . . . 31 . . Total Orders . | . . . . . . . Ally Attacks 11 | . . . . 11 . . Total Damage 184 | . . . . 184 . . Kills 2 | . . . . 2 . . Allies Corrupted . | . . . . . . . Allies Melted . | . . . . . . . Intel | -11 -10 -10 -10 -9 -8 -8 ------- Run | Scr Mat Min Exi Min Mat Sto Robot Analysis Total 3 | . 3 . . . . . Derelict Logs Recovered . | . . . . . . . Drone Launches . | . . . . . . . Drone Recoveries . | . . . . . . . Exploration | -11 -10 -10 -10 -9 -8 -8 ------------- Run | Scr Mat Min Exi Min Mat Sto Turns Passed 2447 | 135 725 397 394 140 399 257 Spaces Moved 1968 | 85 444 410 343 119 311 256 Core 302 | 4 . . . . 99 199 Treads 10 | . . . . . 10 . Legs . | . . . . . . . Wheels 1593 | 81 444 410 343 119 196 . Hover 63 | . . . . . 6 57 Flight . | . . . . . . . Fastest Speed 50 | 50 80 90 115 90 50 50 Average Speed 90 | 88 89 93 115 103 85 56 Slowest Speed 240 | 90 115 115 115 115 240 80 Overloaded Moves . | . . . . . . . Propulsion Burnouts . | . . . . . . . Robots Hopped . | . . . . . . . Cave-ins Triggered 1 | . . . . . . 1 Exploration Rate (%) 46 | 5 72 79 80 21 29 38 Regions Visited 6 Branch Regions 4 Pre-discovered Areas 2 | . . . 1 . . 1 Known Exits Taken 1 | . 1 . . . . . Unknown Exits Taken 5 | 1 . 1 1 1 1 . Scrap Searched 2 | . . 1 . 1 . . Spaces Dug 20 | . . . . . 4 16 Terrain Destroyed 58 | . 38 . . . 4 16 Melee 20 | . . . . . 4 16 Projectile . | . . . . . . . AOE 38 | . 38 . . . . . Terrain Rammed . | . . . . . . . Walls Destroyed . | . . . . . . . Machines Disabled . | . . . . . . . Actions | -11 -10 -10 -10 -9 -8 -8 --------- Run | Scr Mat Min Exi Min Mat Sto Total 2382 | 116 656 421 342 128 389 330 Wait 194 | . 123 4 . 3 26 38 Move 1962 | 84 443 409 342 118 310 256 Hop . | . . . . . . . Pick Up 29 | 11 10 3 . 1 2 2 Fast Attach 19 | 5 7 . . 1 5 1 Attach 14 | 2 4 . . . 4 4 Detach 3 | . . . . . 1 2 Swap 15 | . 7 . . 1 7 . Drop 17 | 1 6 3 . 1 5 1 Fire 99 | 13 56 2 . 3 25 . Melee 30 | . . . . . 4 26 Ram . | . . . . . . . Kick . | . . . . . . . Crush . | . . . . . . . Escape Stasis . | . . . . . . . Rewire . | . . . . . . . Trap . | . . . . . . . Miscellaneous . | . . . . . . . Route ------- -11/Scrapyard -10/Materials (discovered 3 exits: [*Mat] / *Min x2) -10/Mines (discovered 2 exits: [*Mat] / *Exi) -10/Exiles (discovered 2 exits: [*Min x2]) -9/Mines -8/Materials -8/Storage History --------- Turn | Location | Event 24 | -11/Scrapyard | Discovered new exit (range 15) 136 | -11/Scrapyard | Entered Materials 167 | -10/Materials | Discovered new exit (range 15) 313 | -10/Materials | Build established: Mutant 335 | -10/Materials | Lost 3 parts (1p2n) 403 | -10/Materials | Repaired Lgt. Ion Engine 600 | -10/Materials | Core integrity fell below 50% 607 | -10/Materials | Discovered new exit (range 16) 729 | -10/Materials | Discovered new exit (range 11) 765 | -10/Materials | Identified exit to Mines 843 | -10/Materials | Repaired Med. Laser 861 | -10/Materials | Entered Mines 876 | -10/Mines | Found a damaged Exp. Sensor Array with a note attached 878 | -10/Mines | Found Prototype Device 1054 | -10/Mines | YI-UF0 nonchalantly dropped a Grenade Launcher on the ground 1131 | -10/Mines | Deemed a non-threat by the Exiles lab entrance 1131 | -10/Mines | Discovered new exit (range 5) 1188 | -10/Mines | Discovered new exit (range 6) 1194 | -10/Mines | Core integrity fell below 20% 1258 | -10/Mines | Entered Exiles 1275 | -10/Exiles | Discovered new exit (range 14) 1301 | -10/Exiles | Met 8R-AWN 1319 | -10/Exiles | Met EX-HEX 1382 | -10/Exiles | Met EX-DEC 1401 | -10/Exiles | Visited The Gauntlet 1469 | -10/Exiles | Met EX-BIN 1487 | -10/Exiles | Aligned with FarCom system 1488 | -10/Exiles | Given EX-Vault access code 1528 | -10/Exiles | Opened EX-Vault 1554 | -10/Exiles | Warned to stay clear of 0b10 Research branches 1598 | -10/Exiles | Learned location of Zion (-7) 1638 | -10/Exiles | Discovered new exit (range 14) 1652 | -10/Exiles | Entered Mines 1653 | -9/Mines | Met a Derelict testing a Signal Generator 1659 | -9/Mines | Found Signal Generator 1737 | -9/Mines | Assisted by bots powering up and referring to "LRC-V3" 1787 | -9/Mines | Discovered new exit (range 5) 1792 | -9/Mines | Entered Materials 1792 | -8/Materials | Evolved 4 slots: Propulsion x2, Utility x1, Weapon x1 1799 | -8/Materials | Discovered new exit (range 11) 1826 | -8/Materials | Garrison activated, responded to threat 2129 | -8/Materials | Released all parts (8) 2168 | -8/Materials | Lost 4 parts (1p2n1w) 2190 | -8/Materials | Core integrity fell below 50% 2191 | -8/Materials | Entered Storage 2417 | -8/Storage | Build established: Scout 2420 | -8/Storage | Learned location of Armory (-4) 2440 | -8/Storage | Crushed by falling debris 2443 | -8/Storage | Core integrity fell below 20% 2448 | -8/Storage | Destroyed by H-55 Commando with Gauss Rifle Last Messages --------------- 02366_ K-01 Serf collects debris. 02371_ Imp. Hover Unit destroyed. 02373_ K-01 Serf collects debris. 02410_ System corrupted: Matter fused (-6). 02410_ K-01 Serf collects debris. 02415_ Connecting with Door Terminal... >>Open(Door) Sealed Heavy Doors opened. 02418_ A derelict emerges from hiding: "Psst-beep. Hey you, we've already cleared out from here, don't stick around. I stayed behind to warn any stragglers, and you certainly look like you're straggling." 02420_ G0-KVE(g): "We'll attack Armory later, meet at one of the rendevous points." World map updated: -4/Armory. 02420_ G0-KVE(g) slips back into hiding. 02422_ Connecting with Door Terminal... 02436_ Critical hit (Burn: +37). 02439_ Lgt. Treads destroyed. 02440_ The unstable cave ceiling collapses. 02440_ Crushed by falling debris. Map ----- +----------------------------------------------------+ | ??????????????????????????????# % | | ????????????????????????#?????# | | ????????????#?????????????????# | | ????????????????????????#?????# ] | | ??????????????????????????????# | | ??????????????????? ?????????+ | | ?????????????????#? #?#??????# | | ??????????????????? #????????####### | | ??????????#??????## ##??? ?????????# | | ?????????????????# #?????????????? | | ?????????????????# ????????????#?? | | ???????????#####?? ??????????????? | | ???????????#! !#?? ??????##??#???# | | ????????#??#! !#??# #??????????????# | | ???????????#! !#??# #??????????????# | | ??????????##! !#??# ###########????# | | ??????????### ###?# ## ????# | | ???????????# T### ## ?#??# | | ??????#######+#### # ????# | | ??????# # # """ """ ????# | | ?#????# # Y + """ """ #???# | | ??????# + ##### # """ """ #???# | | ??????##### #???## ## #???? | | ??????????#hY##???# ## #??## | | ??????????#Y T#???# ##+##+######### | | ??????????# @ #???# Y | | ??????????""""#???# ##### | | ???????????????####"######+## | | ????????????? ?# # | | ??#????????????# ######### | | ???????????????# #?#?????# | | ???????????????# #???????? | | ???????????????# #???????? | | ???????????????##############?#??##?? | | | | | | | | | | | | | | | | | | | | | | | | | | | | | | | | | +----------------------------------------------------+ Best States ------------- Heat Dissipation 50 Energy Generation 14 Energy Capacity 265 Matter Stores 300 Matter Capacity 300 Sight Range 16 Terrain Scan Range 16 Terrain Scan Density 10 Evasion (%) 50 Recoil Reduction 2 Offensive Hacking 10 Item Schematics ----------------- None Robot Schematics ------------------ None Fabricated ------------ Nothing Alien Tech Used ----------------- None Achievements -------------- Dynamic Key Hey, That's Mine! It's Just You Loot Pinata Troublemaker Challenges ------------ None Game ------ Seed XenonSkeletonShotgun Manual? 0 Play Time 00:43:07 Cumulative 7.8 hours Start 2022.03.12 @ 22:42:47 End 2022.03.12 @ 23:26:29 Sessions 1 Manual Loads 0 Difficulty Rogue Special Mode None Game No. 7 Rogue 7 Adventurer 0 Explorer 0 Win Type - Total 0 Types 0/0/0/0/0/0/0/0/0 Lore% 14 Gallery% 14 Achievement% 13 Wizard Run 0 Options --------- ASCII 0 Keyboard 0 Movement Numpad Keybinds 0 Fullscreen 1 Font 18/SmallcapsGlow Map View 76x50 Tactical HUD 1 Map Filters NONE Filters NONE Steam 1 RUN: 4b670eb4-44f2-4101-8b92-fbb0669c6086